cohdb
Replays
Latest Replays
All Replays
Popular Replays
Top Player Replays
Match Explorer
How It Works
Community
CoH3 Stats
Reddit
Sign in to upload your games and track your stats! →
Sign in with Steam
Match 40445076
Unlisted
Match 40445076
Overview
Messages
Build Orders
End
Panzergrenadier Squad
Selects Armored Support Battlegroup
Panzergrenadier Squad
250 Light Carrier
Construct Light Support Kompanie
Combat Half-tracks
Panzerjäger Squad
Selects Superior Fire Drills
Fire Support Elements
Flakvierling Half-track
Vehicle Survival Package
Panzerjäger Mechanized Group
Pak 38 Anti-tank Gun Team
Selects Salvage Kits
Construct Mechanized Kompanie
2.5-tonne Medical Truck
254 Reconnaissance Tractor
Selects Flammpanzer III Medium Tank
Flammpanzer III Medium Tank
Assault Mechanized Group
Selects Command Panzer IV F Medium Tank
Command Panzer IV F Medium Tank
Panzerpioneer Squad
Sparkle
Mo-J
Wheeler
Orcas
Ismachu
Knight Rider
0
0
Comments
sign in to comment!
No comments posted yet!